Map: Acropolis LE

Players

sandboX

  • Race: Zerg Zerg
  • League: Gold
  • Spawn Location: 5:00

A.I. 1 (Hard) - Winner!

  • Race: Protoss Protoss
  • Spawn Location: 11:00

VOD

Have the link to the VOD?

Description

Time

  • Played on: Aug. 21, 2019, 1:04 a.m.
  • Length: 6:05
Show
View Real Time Build Order
Export as new Build Order

sandboX Zerg 

Build Orders: Hatch First 

Get SALT Encoding   

  12  0:01  Drone  
  13  0:14  Overlord  
  13  0:20  Drone  
  14  0:32  Drone x2  
  16  0:51  Hatchery  
  15  0:58  Drone x2  
  15  1:00  Drone  
  15  1:03  Extractor  
  17  1:18  Spawning Pool  
  16  1:20  Drone  
  16  1:24  Drone  
  18  1:31  Drone  
  20  1:59  Hatchery  
  20  2:00  Extractor  
  18  2:09  Drone x3  
  18  2:10  Metabolic Boost  
  21  2:20  Overlord  
  21  2:33  Drone  
  22  2:38  Queen  
  22  2:40  Spine Crawler  
  23  2:44  Drone  
  24  3:04  Roach Warren  
  23  3:12  Queen  
  23  3:18  Lair  
  25  3:39  Zergling x8  
  25  3:40  Zergling x4  
  31  3:47  Overlord  
  31  3:51  Queen  
  31  3:53  Overlord  
  31  3:55  Zergling x4  
  35  4:07  Zergling x6  
  38  4:17  Nydus Network  
  37  4:43  Queen  
  41  4:49  Roach x3  
  43  5:04  Nydus Canal  
  35  5:26  Nydus Canal  
  26  5:42  Roach x6  
Show
View Real Time Build Order
Export as new Build Order

A.I. 1 (Hard) Protoss - Winner!

Build Orders:  

Get SALT Encoding   

  12  0:00  Probe  
  13  0:13  Probe  
  14  0:19  Pylon  
  14  0:25  Probe  
  15  0:34  Probe  
  15  0:42  Probe  
  16  0:47  Assimilator  
  17  0:50  Gateway  
  17  0:52  Probe  
  18  0:59  Pylon  
  18  1:00  Probe  
  19  1:19  Probe  
  20  1:39  Zealot  
  22  1:41  Cybernetics Core  
  22  1:42  Gateway  
  22  1:56  Pylon  
  22  1:59  Zealot  
  25  2:15  Probe  
  25  2:23  Pylon, Zealot  
  25  2:25  Warp Gate  
  25  2:28  Probe  
  25  2:29  Stalker  
  30  2:36  Assimilator  
  30  2:40  Probe  
  31  2:50  Forge  
  31  2:51  Zealot  
  33  2:52  Probe  
  33  2:53  Adept  
  34  3:04  Probe  
  37  3:16  Probe  
  38  3:55  Protoss Ground Weapons Level 1  
  38  4:08  Pylon  
  38  4:09  Photon Cannon  
  38  4:12  Stalker  
  38  4:13  Photon Cannon  
  40  4:21  Stalker  
  42  4:29  Robotics Facility  
  42  4:33  Pylon  
  42  4:35  Sentry  
  44  4:44  Adept  
  46  4:55  Gateway  
  46  4:58  Stalker  
  48  5:07  Forge, Stalker  
  48  5:16  Observer  
  49  5:26  Stargate  
  49  5:37  Observer  
  50  5:48  Twilight Council  
  48  5:50  Zealot  
  48  5:51  Nexus  
  42  6:00  Zealot  
Tags
 
Add a new tag
Caveats
  • Supply blocks, unpowered buildings, or Contaminate may cause inaccurate times.
  • Supply counts are checked every 10 seconds.